 Dungeon Crawl Stone Soup version 0.21-a0-444-g29a2fec (webtiles) character file.

3857 4thArraOfDagon the Arsonist (level 10, 0/75 HPs)
             Began as a Naga Fire Elementalist on Nov 17, 2017.
             Was a Priest of Vehumet.
             Killed by vampiric draining
             ... invoked by a vampire
              (13 damage)
             ... on level 9 of the Dungeon.
             The game lasted 00:20:48 (3225 turns).

4thArraOfDagon the Arsonist (NaFE)                  Turns: 3225, Time: 00:20:48

Health: 0/75       AC:  5    Str: 10    XL:     10   Next: 18%
Magic:  0/19       EV: 10    Int: 20    God:    Vehumet [***...]
Gold:   368        SH:  0    Dex: 15    Spells: 7/21 levels left

rFire    . . .     SeeInvis +   z - +4 scimitar (freeze)
rCold    . . .     Gourm    .   (no shield)
rNeg     . . .     Faith    .   a - +0 robe
rPois    +         Spirit   .   r - +0 helmet
rElec    .         Reflect  .   (no cloak)
rCorr    .         Harm     .   (no gloves)
MR       ++...                  (no barding)
Stlth    ++........             (no amulet)
HPRegen  0.22/turn              t - +4 ring of dexterity
MPRegen  0.16/turn              v - ring of protection from magic

@: very slow
A: see invisible, deformed body, poison resistance, slowness 2, slow metabolism
1, spit poison 1, AC +3
a: Spit Poison, Renounce Religion


You were on level 9 of the Dungeon.
You worshipped Vehumet.
Vehumet was most pleased with you.
You were not hungry.

You visited 1 branch of the dungeon, and saw 9 of its levels.

You collected 368 gold pieces.

Inventory:

Hand Weapons
 d - a +5 scimitar
 w - a +0 scythe
 z - a +4 scimitar of freezing (weapon)
Missiles
 y - a throwing net (quivered)
Armour
 a - a +0 robe (worn)
 r - a +0 helmet (worn)
Jewellery
 g - an uncursed ring of poison resistance
 t - a +4 ring of dexterity (left hand)
 v - a ring of protection from magic (right hand)
Scrolls
 e - 2 scrolls of recharging
 f - 4 scrolls of teleportation
 i - a scroll of acquirement {unknown}
 j - a scroll of enchant weapon {unknown}
 n - 2 scrolls of fear
 u - 2 scrolls of remove curse
 x - a scroll of torment {unknown}
Potions
 h - 3 potions of curing
 k - 3 potions of might
 l - 2 potions of magic {unknown}
 m - 2 potions of mutation
 o - 2 potions of degeneration {unknown}
 q - a potion of haste {unknown}
 s - 2 potions of flight {unknown}
Books
 b - a book of Flames

   Spells                             Type                      Level
   a - Flame Tongue                   Conjuration/Fire             1
   b - Throw Flame                    Conjuration/Fire             2
   c - Conjure Flame                  Conjuration/Fire             3
   d - Inner Flame                    Hexes/Fire                   3
   e - Sticky Flame                   Conjuration/Fire             4
   f - Fireball                       Conjuration/Fire             5
Comestibles
 c - 7 bread rations
 p - 3 meat rations
 A - 12 chunks of flesh


   Skills:
 - Level 1.5 Dodging
 - Level 3.0 Stealth
 + Level 6.1 Spellcasting
 * Level 9.2 Conjurations
 * Level 9.6 Fire Magic


You had 7 spell levels left.
You knew the following spells:

 Your Spells              Type           Power        Failure   Level  Hunger
a - Flame Tongue          Conj/Fire      #####        1%          1    None
b - Conjure Flame         Conj/Fire      #####...     1%          3    ##.....
c - Sticky Flame          Conj/Fire      #####...     1%          4    ####...
d - Fireball              Conj/Fire      #####.....   1%          5    #####..
e - Apportation           Tloc           #.....       11%         1    None


Dungeon Overview and Level Annotations

Branches:
Dungeon (9/15)             Temple (0/1) D:7
   Lair: D:8-11         Orc: D:9-12

Altars:
Dithmenos
Elyvilon
Gozag
Makhleb
Ru
Uskayaw
Vehumet
Xom
Zin
The Shining One


Innate Abilities, Weirdness & Mutations

You cannot wear boots.
Your serpentine skin is tough. (AC +3)
You have supernaturally acute eyesight. (SInv)
Armour fits poorly on your strangely shaped body.
Your system is resistant to poisons. (rPois)
You cover ground very slowly.
You have a slow metabolism.
You can spit poison.


Message History

The vampire casts a spell at you. You resist with almost no effort.
Unknown command.
Unknown command.
Unknown command.
The vampire burns!
Unknown command.
Unknown command.
The vampire burns!
The vampire stops burning.
The vampire barely misses you. The vampire closely misses you.
Unknown command.
Unknown command.
Casting: Fireball
Confirm with . or Enter, or press ? or * to list all spells.
Aiming: Flame Tongue
Press: ? - help, Shift-Dir - straight line, f - vampire
Aim: a vampire (almost destroyed)
The flame tongue misses the vampire.
The vampire is infused with unholy energy.
You die...

########## #........# # ..
#........# # #.. #........# #
#..#####.@......# ###
#........V......# #..
##...............# #.#
#............)...########[#
.#..........(....(†)).)...
#.###............############
............######
...###'###.# #####..##.#


You could see a vampire.

Vanquished Creatures
  Joseph (D:7)
  Grinder (D:3)
  Prince Ribbit (D:7)
  4 yaks (D:9)
  A wyvern (D:9)
  An ice beast (D:6)
  An orc warrior (D:7)
  3 ogres
  2 centaurs
  Blork the orc (D:4)
  2 bullfrogs (D:7)
  Dowan (D:7)
  2 scorpions
  6 killer bees (D:7)
  8 wights
  2 howler monkeys (D:5)
  A crimson imp (D:8)
  A bullfrog zombie (D:6)
  2 hounds
  2 iguanas
  Natasha (D:3)
  3 orc wizards
  7 worker ants
  A killer bee zombie (D:7)
  Robin (D:2)
  3 gnolls (D:2)
  7 adders
  2 shadow imps
  2 oozes
  2 worms
  A dart slug (D:5)
  3 leopard geckos (D:1)
  9 orcs
  A ball python (D:4)
  3 giant cockroaches
  17 goblins
  9 hobgoblins
  15 jackals
  5 kobolds
  8 quokkas
  6 bats
  8 frilled lizards
  2 leopard gecko skeletons
  10 rats
169 creatures vanquished.

Vanquished Creatures (collateral kills)
  Duvessa (D:7)
1 creature vanquished.

Grand Total: 170 creatures vanquished

Notes
Turn   | Place    | Note
-------+----------+-------------------------------------------
     0 | D:1      | 4thArraOfDagon the Naga Fire Elementalist began the quest for the Orb.
     0 | D:1      | Reached XP level 1. HP: 15/15 MP: 3/3
    86 | D:1      | Reached XP level 2. HP: 20/22 MP: 1/5
   215 | D:3      | Found an opulent altar of Gozag.
   252 | D:3      | Reached XP level 3. HP: 28/28 MP: 1/6
   254 | D:3      | Thaneod: ale lipa z szerokim korytarzem tma
   274 | D:3      | Learned a level 3 spell: Conjure Flame
   293 | D:3      | 4thArraOfDagon: wlasnie dobre to jest
   293 | D:3      | 4thArraOfDagon: tylko pech z summonami
   354 | D:5      | Entered Level 5 of the Dungeon
   367 | D:5      | Reached XP level 4. HP: 36/36 MP: 2/7
   368 | D:5      | Found a sacrificial altar of Ru.
   374 | D:5      | Learned a level 4 spell: Sticky Flame
   380 | D:5      | Became a worshipper of Ru the Awakened
   407 | D:4      | Thaneod: Ru??
   410 | D:4      | beem: Ru grants great power to adherents who renounce the world by making sacrifices. Worshippers are periodically offered a choice of three sacrifices, and gain piety for accepting one of them. The offers are refreshed more slowly if you ignore them, more quickly with faith. Removing faith causes the next sacrifice to be delayed with no piety loss.
   453 | D:4      | Found a glowing golden altar of the Shining One.
   482 | D:4      | Thaneod: jakiś sado maso
   510 | D:5      | Noticed a centaur
   515 | D:5      | Killed a centaur
   515 | D:5      | Reached XP level 5. HP: 24/42 MP: 2/9
   617 | D:7      | Noticed Prince Ribbit
   621 | D:7      | Killed Prince Ribbit
   621 | D:7      | Reached skill level 5 in Fire Magic
   621 | D:7      | Reached XP level 6. HP: 21/49 MP: 2/10
   633 | D:7      | Noticed Duvessa
   668 | D:7      | Noticed Dowan
   674 | D:7      | Noticed an orc warrior
   674 | D:7      | Killed Duvessa
   674 | D:7      | Reached XP level 7. HP: 36/55 MP: 10/12
   692 | D:6      | Found a hide-covered altar of Uskayaw.
   733 | D:6      | Found a radiant altar of Vehumet.
   745 | D:6      | Fell from the grace of Ru
   745 | D:6      | Became a worshipper of Vehumet
   959 | D:4      | Noticed Blork the orc
   968 | D:4      | Killed Blork the orc
  1002 | D:4      | Learned a level 5 spell: Fireball
  1066 | D:4      | Reached skill level 5 in Conjurations
  1206 | D:2      | Found a shimmering altar of Xom.
  1207 | D:2      | Noticed an angel
  1208 | D:2      | Found a glowing silver altar of Zin.
  1222 | D:2      | murphy: hi
  1251 | D:2      | murphy: no more speedrunning? that's unsual for you
  1323 | D:2      | murphy: usually with this turncount you are in lair or orc :P
  1411 | D:2      | Reached * piety under Vehumet
  1411 | D:2      | Offered knowledge of Shock by Vehumet.
  1605 | D:2      | Noticed Robin
  1627 | D:2      | Killed Robin
  1663 | D:2      | Found a shadowy altar of Dithmenos.
  1669 | D:2      | Found a shimmering altar of Xom.
  1758 | D:3      | Noticed Natasha
  1763 | D:3      | Killed Natasha
  1763 | D:3      | Reached XP level 8. HP: 38/62 MP: 8/14
  1789 | D:3      | Offered knowledge of Searing Ray by Vehumet.
  1792 | D:3      | Reached ** piety under Vehumet
  1815 | D:3      | Noticed Grinder
  1823 | D:3      | Killed Grinder
  2335 | D:7      | Noticed Joseph
  2351 | D:7      | Killed Joseph
  2351 | D:7      | Reached skill level 5 in Spellcasting
  2351 | D:7      | Reached XP level 9. HP: 32/68 MP: 7/16
  2373 | D:7      | Thaneod: time to win some game finally to avoid depression
  2431 | D:7      | Offered knowledge of Throw Frost by Vehumet.
  2626 | D:7      | Reached *** piety under Vehumet
  2697 | D:7      | Killed Dowan
  2699 | D:7      | murphy: who is depressed? you thaneod?
  2711 | D:7      | Learned a level 1 spell: Apportation
  2723 | D:7      | Thaneod: yes:)
  2878 | D:8      | murphy: aww :(
  3005 | D:8      | Found a white marble altar of Elyvilon.
  3006 | D:8      | Found a burning altar of Makhleb.
  3136 | D:9      | Offered knowledge of Olgreb's Toxic Radiance by Vehumet.
  3161 | D:9      | Reached XP level 10. HP: 32/75 MP: 14/19
  3225 | D:9      | Killed from afar by a vampire

Vault maps used:
D:1:      elethiomel_arrival_infinity_welcomes_careful_drivers
D:2:      wad_woods_stonehenge, grunt_temple_overflow_order_and_chaos_1,
          kiku_gazebo_pond_becter, first_bread,
          nicolae_dithmenos_through_a_glass_darkly, uniq_robin
D:3:      overflow_temple_1_default, uniq_grinder, uniq_natasha
D:4:      kennysheep_little_box, grunt_ministairs_13, grunt_decor_cap,
          uniq_blork_the_orc
D:5:      lemuel_round_altar
D:6:      nicolae_overflow_hidden_temple, lemuel_doored_altar
D:7:      temple_green, uniq_prince_ribbit1, uniq_duvessa, uniq_joseph
D:8:      lemuel_coloured_pillars_altar,
          chequers_temple_overflow_statue_of_worship, grunt_ogre_cave
D:9:      kennysheep_blocky_room, kennysheep_okawaru_gauntlet,
          chei_slow_surprise

Skill      XL: |  1  2  3  4  5  6  7  8  9 10 |
---------------+-------------------------------+-----
Conjurations   | 2 3 4 5 7 8 9 |  9.2
Fire Magic     | 4 5 6 7 9 |  9.6
Spellcasting   | 3 4 5 6 |  6.1
Dodging        | |  1.5
Stealth        | |  3.0

Action                   |  1- 3 |  4- 6 |  7- 9 | 10-12 || total
-------------------------+-------+-------+-------+-------++-------
Melee: Unarmed           |     1 |       |       |       ||     1
       Whip              |       |       |   183 |       ||   183
       Scimitar          |       |       |    39 |     4 ||    43
 Cast: Flame Tongue      |    15 |     7 |    77 |    10 ||   109
       Sticky Flame      |       |     2 |    43 |     3 ||    48
       Conjure Flame     |       |       |     6 |     1 ||     7
       Fireball          |       |       |     1 |     1 ||     2
 Abil: Spit Poison       |    18 |     5 |    41 |     3 ||    67
  Use: Scroll            |       |     7 |     5 |       ||    12
       Potion            |       |       |     7 |       ||     7
 Stab: Sleeping          |       |       |     1 |       ||     1
  Eat: Chunk             |       |     1 |    17 |     1 ||    19
       Fruit             |       |       |     1 |       ||     1
Armor: Robe              |     5 |       |    60 |     2 ||    67
       Skin              |       |       |     3 |       ||     3
Dodge: Dodged            |     2 |     6 |   158 |     6 ||   172
       Rpst.: Scimitar   |       |       |     8 |     1 ||     9

Table legend:
 A = Spawn XP
 B = Non-spawn XP
 C = Spawn XP percentage of total XP
 D = Spawn monster count
 E = Non-spawn monster count
 F = Spawn count percentage of total count
 G = Total turns spent on level
                    A         B        C        D         E        F      G
               +---------+---------+-------+---------+---------+-------+---------
         Total |       0 |    5510 |   0.0 |       0 |     170 |   0.0 |  3225
               +---------+---------+-------+---------+---------+-------+---------
           D:1 |       0 |      37 |   0.0 |       0 |      22 |   0.0 |   339
           D:2 |       0 |     171 |   0.0 |       0 |      48 |   0.0 |   475
           D:3 |       0 |     378 |   0.0 |       0 |      21 |   0.0 |   302
           D:4 |       0 |     293 |   0.0 |       0 |      13 |   0.0 |   378
           D:5 |       0 |     346 |   0.0 |       0 |       9 |   0.0 |   313
           D:6 |       0 |     336 |   0.0 |       0 |       9 |   0.0 |   347
           D:7 |       0 |    2087 |   0.0 |       0 |      28 |   0.0 |   560
           D:8 |       0 |     376 |   0.0 |       0 |       8 |   0.0 |   366
           D:9 |       0 |    1486 |   0.0 |       0 |      12 |   0.0 |   145
               +---------+---------+-------+---------+---------+-------+---------
